 Seeded DCSS version 0.30.1-4-g462c640d31 (webtiles) character file.

Game seed: 6351066067085065685 (custom seed)

1163 Esekla the Thaumaturge (level 8, -3/41 HPs)
             Began as a Deep Elf Wanderer on Sept 5, 2023.
             Was a Believer of Vehumet.
             Constricted to death by Pikel (5 damage)
             ... on level 6 of the Dungeon.
             The game lasted 00:41:15 (5376 turns).

Esekla the Thaumaturge (Deep Elf Wanderer)          Turns: 5376, Time: 00:41:15

Health: -3/41      AC:  4    Str: 11    XL:     8   Next: 17%
Magic:  14/22      EV: 10    Int: 21    God:    Vehumet [**....]
Gold:   344        SH:  4    Dex: 14    Spells: 9/23 levels left

rFire   . . .        s - +5 rapier of the Hero {heavy, rN+ Dex+3}
rCold   . . .        d - +0 buckler
rNeg    + . .        c - +0 robe
rPois   .            i - +0 helmet
rElec   .            (no cloak)
rCorr   .            k - +0 pair of gloves
SInv    .            (no boots)
Will    .....        y - amulet of magic regeneration
Stlth   ++           (no ring)
HPRegen 0.26/turn    (no ring)
MPRegen 0.58/turn

%: no passive effects
@: grasped by roots, very slightly contaminated, constricted
A: no striking features
a: Renounce Religion


You were on level 6 of the Dungeon.
You worshipped Vehumet.
Vehumet was pleased with you.
You visited 1 branch of the dungeon, and saw 6 of its levels.

You collected 344 gold pieces.

Inventory:

Hand Weapons
 a - a +2 vampiric dagger
 r - a +0 trident
 s - the +5 rapier of the Hero (weapon) {heavy, rN+ Dex+3}
   (You found it on level 3 of the Dungeon)

   Dex:       It affects your dexterity (+3).
   rN:        It protects you from negative energy.
Missiles
 x - 24 poisoned darts (quivered)
 D - a throwing net
Armour
 c - a +0 robe (worn)
 d - a +0 buckler (worn)
 i - a +0 helmet (worn)
 k - a +0 pair of gloves (worn)
Jewellery
 y - an amulet of magic regeneration (around neck)
Wands
 q - a wand of roots (10)
 B - a wand of flame (15)
Scrolls
 g - 6 scrolls of identify {unknown}
 l - a scroll of enchant armour {unknown}
 m - 2 scrolls of amnesia {unknown}
 n - 3 scrolls of enchant weapon {unknown}
 o - a scroll of immolation {unknown}
 p - 2 scrolls of blinking {unknown}
 v - 2 scrolls of fog {unknown}
 z - a scroll of magic mapping {unknown}
 C - a scroll of silence {unknown}
 E - a scroll of summoning {unknown}
Potions
 b - 2 potions of lignification
 e - 2 potions of ambrosia {unknown}
 f - 3 potions of attraction {unknown}
 h - 4 potions of curing
 j - a potion of mutation {unknown}
 t - 2 potions of heal wounds {unknown}
 u - 3 potions of brilliance {unknown}
 w - a potion of haste {unknown}


   Skills:
 + Level 2.8 Short Blades
 + Level 0.3 Throwing
 * Level 4.1 Dodging
 + Level 2.0 Stealth
 + Level 2.5 Shields
 * Level 8.3 Spellcasting
 * Level 3.2 Conjurations
 * Level 4.6 Necromancy
 + Level 2.6 Translocations
 * Level 1.0 Air Magic
 * Level 0.3 Poison Magic
 + Level 1.3 Invocations


You had 9 spell levels left.
You knew the following spells:

 Your Spells              Type           Power      Damage    Failure   Level
a - Magic Dart            Conj           88%        1d7       3%          1
b - Blink                 Tloc           38%        N/A       5%          2
d - Vampiric Draining     Necr           28%        2d8       4%          3
e - Searing Ray           Conj           44%        2d6       4%          2
p - Apportation           Tloc           38%        N/A       3%          1
t - Teleport Other        Tloc           19%        N/A       11%         3
v - Poisonous Vapours     Pois/Air       22%        N/A       12%         2

Your spell library contained the following spells:

 Spells                   Type           Power      Damage    Failure   Level
 Lesser Beckoning         Tloc           38%        N/A       5%          2
 Gell's Gravitas          Tloc           19%        N/A       11%         3
 Ignite Poison            Fire/Tmut/Pois 9%         N/A       30%         3
 Spider Form              Tmut/Pois      9%         N/A       30%         3
 Cause Fear               Hex            4%         N/A       71%         4
 Summon Mana Viper        Hex/Summ       8%         N/A       96%         5


Dungeon Overview and Level Annotations

Branches:
Dungeon (6/15)             Temple (0/1) D:6

Altars:
Dithmenos
Fedhas
Hepliaklqana
Okawaru
Qazlal
Trog
Vehumet
Zin
The Shining One

Shops:
D:2 =   D:4 (

Annotations:
D:6 Blork the orc, Pikel


Message History

You draw life force from Pikel!
You feel life coursing into your body.
Pikel hits you with a +1 whip of flaming.
Pikel burns you. The grasping roots constrict you!
Casting: Vampiric Draining (dangerous; 4% risk of failure)
Confirm with . or Enter, or press ? or * to list all spells.
Aiming: Vampiric Draining (dangerous; 4% risk of failure)
Press: ? - help, Shift-Dir - straight line, f/p - Pikel
Aim: Pikel, wielding a +1 whip of flaming, wearing a +0 robe and carrying a wand of roots (4) (heavily wounded)
You draw life force from Pikel.
You feel life coursing into your body. Pikel misses you.
The grasping roots constrict you.
You escape the roots grasp.
Pikel hits you with a +1 whip of flaming!
* * * LOW HITPOINT WARNING * * *
Pikel burns you.
* * * LOW HITPOINT WARNING * * *
You see here a +0 hand axe.
Casting: Vampiric Draining (dangerous; 4% risk of failure)
Confirm with . or Enter, or press ? or * to list all spells.
Aiming: Vampiric Draining (dangerous; 4% risk of failure)
Press: ? - help, Shift-Dir - straight line, f/p - Pikel
Aim: Pikel, wielding a +1 whip of flaming, wearing a +0 robe and carrying a wand of roots (4) (heavily wounded)
You draw life force from Pikel.
You feel life coursing into your body.
Pikel zaps a wand.
The roots erupt in riotous growth!
The grasping roots grab you!
Pikel is unaffected.
The grasping roots constrict you.
* * * LOW HITPOINT WARNING * * *
Casting: Vampiric Draining (dangerous; 4% risk of failure)
Confirm with . or Enter, or press ? or * to list all spells.
Aiming: Vampiric Draining (dangerous; 4% risk of failure)
Press: ? - help, Shift-Dir - straight line, f/p - Pikel
Aim: Pikel, wielding a +1 whip of flaming, wearing a +0 robe and carrying a wand of roots (3) (severely wounded)
You miscast Vampiric Draining.
You are very lightly contaminated with residual magic.
Nothing appears to happen.
Pikel hits you with a +1 whip of flaming.
* * * LOW HITPOINT WARNING * * *
Pikel burns you.
* * * LOW HITPOINT WARNING * * *
The grasping roots constrict you.
You die...

###..#.....# ♣♣
#..#..##.# ♣.
##....##5###### ♣♣.
#..#.........# ♣..
#..####5####.### ♣.♣
#.......##.....# ♣♣♣
#.....5.##.....#
######K###.....# ♣♣
#@# #.....# #. ####<#
#.....# #. #....#
####### ##. #.####
##### #.. ##.##
##...## #)#
#...######.....## #)#
#.#.............## #)#
#...#.##.........# #.#
#####.##.........###)#


You could see Pikel and 3 lemures.

Vanquished Creatures
  A sky beast (D:6)
  2 black bears
  An ogre (D:5)
  A kobold brigand (D:6)
  2 scorpions (D:5)
  A gnoll bouda (D:4)
  5 hounds
  A jelly (D:6)
  3 iguanas (D:5)
  A sleepcap (D:5)
  12 gnolls
  9 adders
  3 white imps
  A worm (D:4)
  3 dart slugs
  11 orcs
  4 endoplasms
  8 goblins
  5 hobgoblins
  A quokka (D:1)
  6 ball pythons
  4 bats
  4 frilled lizards
  12 kobolds
  A rat (D:2)
102 creatures vanquished.

Notes
Turn   | Place    | Note
-------+----------+-------------------------------------------
     0 | D:1      | Esekla the Deep Elf Wanderer began the quest for the Orb.
     0 | D:1      | Esekla set off with the following items: a +0 club, a
                  | potion of lignification, a +0 robe, a +0 buckler; and the
                  | following spells available to memorise: Apportation, Blink,
                  | Lesser Beckoning, Magic Dart, Ignite Poison, Vampiric
                  | Draining.
     0 | D:1      | Reached XP level 1. HP: 10/10 MP: 7/7
   178 | D:1      | Reached skill level 1 in Dodging
   201 | D:2      | Found Renulab's Jewellery Shop.
   319 | D:4      | Found a radiant altar of Vehumet.
   345 | D:4      | Found an iron altar of Okawaru.
   357 | D:4      | Found a glowing silver altar of Zin.
   443 | D:4      | Became a worshipper of Vehumet
   548 | D:3      | Reached XP level 2. HP: 7/15 MP: 9/9
   726 | D:3      | Learned a level 1 spell: Apportation
   729 | D:3      | Learned a level 2 spell: Blink
   731 | D:3      | Learned a level 1 spell: Magic Dart
   820 | D:4      | Found Ponaysk's Antique Weapon Boutique.
  1201 | D:3      | Identified the +5 rapier of the Hero {heavy, rN+ Dex+3}
  1250 | D:2      | Reached XP level 3. HP: 19/19 MP: 11/11
  1254 | D:2      | Learned a level 3 spell: Vampiric Draining
  1417 | D:2      | Noticed a black bear
  1545 | D:3      | Found a stormy altar of Qazlal.
  1561 | D:3      | Reached skill level 5 in Spellcasting
  1573 | D:3      | Reached skill level 1 in Short Blades
  1573 | D:3      | Reached skill level 1 in Necromancy
  1573 | D:3      | Reached XP level 4. HP: 14/24 MP: 1/13
  1599 | D:3      | Found a hazy altar of Hepliaklqana.
  1601 | D:3      | Found a bloodstained altar of Trog.
  1784 | D:2      | Killed a black bear
  1785 | D:2      | Reached XP level 5. HP: 24/28 MP: 13/15
  1835 | D:1      | Reached * piety under Vehumet
  1835 | D:1      | Offered knowledge of Shock by Vehumet.
  2082 | D:1      | Learned a level 3 spell: Teleport Other
  2333 | D:2      | Found a faded altar of an unknown god.
  2542 | D:5      | Entered Level 5 of the Dungeon
  2552 | D:5      | Reached skill level 1 in Conjurations
  2629 | D:5      | Found a shadowy altar of Dithmenos.
  2652 | D:5      | Got the Parchment of the Lumpy Olives
  2669 | D:5      | Reached skill level 6 in Spellcasting
  2669 | D:5      | Reached XP level 6. HP: 25/32 MP: 13/17
  3195 | D:4      | Reached XP level 7. HP: 18/36 MP: 12/18
  3205 | D:4      | Found a glowing golden altar of the Shining One.
  3279 | D:4      | Offered knowledge of Searing Ray by Vehumet.
  3281 | D:4      | Reached ** piety under Vehumet
  3304 | D:4      | Learned a level 2 spell: Searing Ray
  4005 | D:5      | Reached skill level 7 in Spellcasting
  4416 | D:6      | Noticed Blork the orc
  4532 | D:6      | Found a staircase to the Ecumenical Temple.
  4536 | D:6      | Noticed Pikel
  4896 | D:6      | Found a blossoming altar of Fedhas.
  4955 | D:6      | Offered knowledge of Poisonous Vapours by Vehumet.
  4956 | D:6      | Reached skill level 8 in Spellcasting
  4956 | D:6      | Reached XP level 8. HP: 36/41 MP: 8/22
  4959 | D:6      | Learned a level 2 spell: Poisonous Vapours
  5135 | D:6      | HP: 1/41 [lemure[Pikel] (6)]
  5299 | D:5      | Reached skill level 1 in Air Magic
  5376 | D:6      | HP: 2/41 [Pikel/+1 whip of flaming (1)]
  5376 | D:6      | Constricted to death by Pikel

Illustrated notes

Levels and vault maps discovered:
D:1:      sevenhm_arrival_forest_fort_small_3, layout_rooms,
          chequers_serial_rivers_room_b, minmay_misc_feat_five
D:2:      layout_loops_ring, dreamdust_ecumenical_altar_angels_and_demons,
          serial_shops, shop
D:3:      layout_basic, grunt_temple_overflow_open, minmay_misc_feat_iff
D:4:      layout_basic, nicolae_overflow_quartered_altars, serial_shops,
          nicolae_diamond_shop
D:5:      layout_loops_ring, lemuel_doored_altar, minmay_misc_feat_rows,
          dreamdust_wishing_well
D:6:      layout_loops_cross, fedhas_altar_fruit_tree,
          minmay_temple_entry_glass, uniq_pikel, uniq_blork_the_orc

Skill      XL: |  1  2  3  4  5  6  7  8 |
---------------+-------------------------+-----
Dodging        | 1 2 3 4 |  4.1
Spellcasting   | 5 6 8 |  8.3
Short Blades   | 1 2 |  2.8
Shields        | 2 |  2.5
Necromancy     | 1 2 3 4 |  4.6
Conjurations   | 1 3 |  3.2
Stealth        | 2 |  2.0
Air Magic      | 1 |  1.0
Throwing       | |  0.3
Translocations | |  2.6
Poison Magic   | |  0.3
Invocations    | |  1.3

Action                     |  1- 3 |  4- 6 |  7- 9 || total
---------------------------+-------+-------+-------++-------
  Melee: Short sword       |    90 |    88 |       ||   178
         Club              |     2 |       |       ||     2
         Dagger            |       |    26 |    41 ||    67
         Rapier            |       |    10 |    15 ||    25
  Throw: Dart              |       |     5 |     6 ||    11
   Cast: Magic Dart        |     3 |    18 |    24 ||    45
         Vampiric Draining |     1 |    19 |    21 ||    41
         Apportation       |       |     2 |       ||     2
         Blink             |       |     1 |       ||     1
         Searing Ray       |       |       |    18 ||    18
         Teleport Other    |       |       |     4 ||     4
  Evoke: Wand              |       |     3 |       ||     3
    Use: Scroll            |     1 |       |     2 ||     3
         Potion            |       |       |     1 ||     1
   Stab: Sleeping          |     1 |     2 |     2 ||     5
 Armour: Robe              |    24 |    26 |    18 ||    68
  Dodge: Dodged            |    45 |    66 |    48 ||   159
  Block: Buckler           |    21 |    19 |    14 ||    54
